 Dungeon Crawl Stone Soup version 0.26.1-11-gd32895ea62 (webtiles) character file.

Game seed: 8642655830096809720

2333 Arcadio the Firebug (level 9, -1/57 HPs)
             Began as a Human Fire Elementalist on May 21, 2021.
             Was an Initiate of Vehumet.
             Slain by a basilisk (4 damage)
             ... while petrified by a basilisk
             ... on level 8 of the Dungeon.
             The game lasted 00:30:38 (11015 turns).

Arcadio the Firebug (Human Fire Elementalist)      Turns: 11015, Time: 00:30:38

Health: -1/57      AC:  7    Str: 14    XL:     9   Next: 70%
Magic:  12/12      EV:  2    Int: 19    God:    Vehumet [......]
Gold:   272        SH:  0    Dex: 14    Spells: 0/12 levels left

rFire    . . .     SeeInvis +   L - +3 flail (protect)
rCold    . . .     Faith    .   (no shield)
rNeg     + + +     Spirit   .   a - +0 robe
rPois    ∞         Reflect  .   A - +0 helmet {SInv}
rElec    .         Harm     .   u - +2 cloak {Stlth+}
rCorr    .         Rampage  .   F - +0 pair of gloves
Will     .....                  (no boots)
Stlth    ++........             i - amulet of magic regeneration
HPRegen  0.19/turn              k - +6 ring of strength
MPRegen  0.38/turn              (no ring)

@: petrified
A: no striking features
a: Renounce Religion


You were on level 8 of the Dungeon.
You worshipped Vehumet.
Vehumet was noncommittal.
You visited 2 branches of the dungeon, and saw 9 of its levels.
You also visited: Ossuary.

You collected 415 gold pieces.
You spent 143 gold pieces at shops.

Inventory:

Hand Weapons
 g - a +0 club
 h - a +1 short sword
 r - a +0 scythe
 t - a +3 quarterstaff of chaos
 y - a +2 short sword of flaming
 D - a +0 war axe of venom
 L - a +3 flail of protection (weapon)
 R - a +1 vorpal battleaxe
Missiles
 q - 5 atropa-tipped darts (quivered)
Armour
 a - a +0 robe (worn)
 u - a +2 cloak of stealth (worn)
 A - a +0 helmet of see invisible (worn)
 F - a +0 pair of gloves (worn)
 P - a scarf of repulsion
 Q - a +2 hat
Jewellery
 i - an amulet of magic regeneration (around neck)
 k - a +6 ring of strength (left hand)
 M - an uncursed amulet of guardian spirit
Wands
 w - a wand of iceblast (6)
 N - a wand of polymorph (4)
 O - a wand of digging (5)
 T - a wand of acid (10)
Scrolls
 b - 7 scrolls of remove curse
 c - a scroll of amnesia
 e - 2 scrolls of enchant weapon
 m - a scroll of noise {unknown}
 n - 3 scrolls of teleportation
 o - a scroll of blinking
 p - 3 scrolls of fear
 s - a scroll of magic mapping {unknown}
 B - a scroll of summoning {unknown}
 G - a scroll of fog
 J - a scroll of immolation {unknown}
 S - 2 scrolls of identify
Potions
 d - 2 potions of brilliance
 f - 4 potions of curing
 j - 4 potions of lignification
 l - a potion of cancellation
 v - a potion of flight
 x - a potion of ambrosia
 C - a potion of mutation
 E - a potion of might
 H - a potion of degeneration {unknown}
 I - a potion of magic {unknown}
 K - 2 potions of haste


   Skills:
 + Level 7.3 Dodging
 - Level 2.0 Stealth
 - Level 2.0 Spellcasting
 + Level 6.0 Conjurations
 - Level 3.5 Hexes
 + Level 7.8 Fire Magic


You couldn't memorise any spells.
You knew the following spells:

 Your Spells              Type           Power        Failure   Level
a - Foxfire               Conj/Fire      100%         1%          1
b - Conjure Flame         Conj/Fire      28%          3%          3
c - Inner Flame           Hex/Fire       23%          4%          3
d - Sticky Flame          Conj/Fire      28%          10%         4
e - Corona                Hex            16%          4%          1

Your spell library contained the following spells:

 Spells                   Type           Power        Failure   Level
 Dazzling Flash           Conj/Hex       40%          7%          3
 Ensorcelled Hibernation  Hex/Ice        16%          12%         2
 Confusing Touch          Hex            15%          12%         3
 Tukima's Dance           Hex            15%          12%         3
 Fireball                 Conj/Fire      14%          28%         5


Dungeon Overview and Level Annotations

Branches:
Dungeon (8/15)             Temple (1/1) D:7            Lair (0/6) D:8
Ossuary (visited)

Altars:
Ashenzari
Cheibriados
Elyvilon
Fedhas
Gozag
Kikubaaqudgha
Makhleb
Nemelex Xobeh
Okawaru
Qazlal
Ru
Sif Muna
Uskayaw
Vehumet
Wu Jian
Xom
Yredelemnul
Zin
The Shining One

Shops:
D:4 !!!

Annotations:
D:8 Gastronok


Message History

The foxfire hits the basilisk.
The basilisk is heavily wounded.
The foxfire hits the basilisk.
The basilisk is severely wounded.
The worker ant zombie bites you. The basilisk bites you!
The worker ant zombie bites you but does no damage.
The basilisk bites you.
You have turned to stone.
The worker ant zombie barely misses you.
The basilisk bites you. The wyvern bites you!
The worker ant zombie bites you but does no damage.
The basilisk gazes at you.
The wyvern bites you but does no damage.
The worker ant zombie bites you. The wyvern bites you!
* * * LOW HITPOINT WARNING * * *
The basilisk bites you!
* * * LOW HITPOINT WARNING * * *
The wyvern bites you but does no damage.
The worker ant zombie bites you. The basilisk bites you!
You die...

#..........##....
#..........##....
#..........##....
#................
###............†..†
#..............####
#....#######...
#..l.# #...
##.@l.######....
#[..Z..........
#............#
#............# .
#............# ...
#............#....
#........†........
#.................
##########.......>


You could see a basilisk, a wyvern and a worker ant zombie.

Vanquished Creatures
  Grinder (D:5)
  Sigmund (D:3)
  A water moccasin (D:8)
  A black bear (D:8)
  2 ice beasts (D:6)
  An orc warrior (D:7)
  A sky beast (D:5)
  An ogre (D:7)
  2 bullfrogs
  2 scorpions
  2 howler monkeys
  A quasit (D:8)
  7 hounds
  A jelly (D:4)
  An orc priest (D:6)
  6 orc wizards
  Crazy Yiuf (D:3)
  2 iguanas (D:8)
  4 worker ants
  14 mummies
  9 adders
  An ooze (D:6)
  An adder zombie (D:8)
  A worm (D:4)
  7 leopard geckos
  21 orcs
  5 giant cockroaches
  7 goblins
  9 hobgoblins
  8 jackals
  9 kobolds
  8 quokkas
  3 ball pythons
  7 bats
  7 frilled lizards
  3 gnoll skeletons (Ossuary)
  2 goblin skeletons (Ossuary)
  2 hobgoblin zombies (D:6)
  2 kobold skeletons (Ossuary)
  A leopard gecko zombie (D:6)
  An orc skeleton (Ossuary)
  2 quokka skeletons
  A quokka zombie (D:5)
  3 rats (D:1)
  11 rat skeletons (Ossuary)
183 creatures vanquished.

Vanquished Creatures (others)
  432 foxfires
  A plant (D:8)
433 creatures vanquished.

Grand Total: 616 creatures vanquished

Notes
Turn   | Place    | Note
-------+----------+-------------------------------------------
     0 | D:1      | Arcadio the Human Fire Elementalist began the quest for the
                  | Orb.
     0 | D:1      | Reached XP level 1. HP: 13/13 MP: 3/3
   267 | D:1      | Reached XP level 2. HP: 6/19 MP: 0/5
   722 | D:1      | Reached XP level 3. HP: 22/24 MP: 4/6
  1709 | D:2      | Found a faded altar of an unknown god.
  2137 | D:2      | Reached XP level 4. HP: 28/30 MP: 2/7
  2183 | D:2      | Learned a level 3 spell: Conjure Flame
  2187 | D:2      | Learned a level 3 spell: Inner Flame
  2404 | D:2      | Found an iron altar of Okawaru.
  3147 | D:3      | Reached XP level 5. HP: 32/35 MP: 6/8
  3392 | D:3      | Noticed Sigmund
  3409 | D:3      | Killed Sigmund
  3410 | D:3      | Reached XP level 6. HP: 31/41 MP: 7/9
  3856 | D:3      | Found a runed translucent door.
  3857 | D:3      | Noticed Crazy Yiuf
  3883 | D:3      | Killed Crazy Yiuf
  4364 | D:4      | Found Edudus's Distillery.
  4382 | D:4      | Bought a potion of ambrosia for 88 gold pieces
  4382 | D:4      | Bought a potion of heal wounds for 55 gold pieces
  4535 | D:4      | Found Muept's Distillery.
  4545 | D:4      | Noticed a water elemental
  4546 | D:4      | Found a stormy altar of Qazlal.
  4551 | D:4      | Noticed a fire elemental
  4551 | D:4      | Noticed an air elemental
  4650 | D:4      | Reached XP level 7. HP: 42/46 MP: 10/10
  4891 | D:4      | Reached skill level 5 in Fire Magic
  4948 | D:4      | Found Viymucakhlu's Distillery.
  5050 | D:5      | Entered Level 5 of the Dungeon
  5491 | D:5      | Noticed Grinder
  5507 | D:5      | Killed Grinder
  5508 | D:5      | Reached skill level 5 in Dodging
  5508 | D:5      | Reached skill level 1 in Hexes
  5508 | D:5      | Reached XP level 8. HP: 52/52 MP: 9/11
  5859 | D:6      | Found a shimmering altar of Xom.
  5866 | D:6      | Found a burning altar of Makhleb.
  5868 | D:6      | Found a stormy altar of Qazlal.
  5868 | D:6      | Found an ancient bone altar of Kikubaaqudgha.
  5871 | D:6      | Found an opulent altar of Gozag.
  5872 | D:6      | Found a white marble altar of Elyvilon.
  5880 | D:6      | Became a worshipper of Elyvilon the Healer
  6269 | D:6      | Found a sparkling altar of Nemelex Xobeh.
  6551 | D:6      | Found a sand-covered staircase.
  6560 | Ossuary  | Entered an ossuary
  7803 | D:6      | Reached * piety under Elyvilon
  7903 | D:6      | Learned a level 4 spell: Sticky Flame
  8015 | D:7      | Found a staircase to the Ecumenical Temple.
  8045 | Temple   | Entered the Ecumenical Temple
  8093 | Temple   | Fell from the grace of Elyvilon
  8093 | Temple   | Became a worshipper of Vehumet
  8537 | D:7      | Found a glowing golden altar of the Shining One.
  8687 | D:7      | Reached XP level 9. HP: 18/57 MP: 6/12
  9358 | D:8      | Noticed a +0 hand axe
  9359 | D:8      | Noticed a +0 hand axe
  9360 | D:8      | Found a hide-covered altar of Uskayaw.
  9379 | D:8      | Noticed Gastronok
  9481 | D:8      | Reached skill level 5 in Conjurations
  9678 | D:8      | Noticed an elephant
 10706 | D:8      | Learned a level 1 spell: Corona
 10963 | D:8      | Found a staircase to the Lair.
 11014 | D:8      | HP: 2/57 [basilisk (8)]
 11015 | D:8      | Slain by a basilisk

Illustrated notes

Levels and vault maps discovered:
D:1:      nzn_arrival_settlement, layout_basic, minmay_3d_cube
D:2:      layout_loops_cross, kennysheep_okawaru_gauntlet,
          chequers_ecumenical_altar_simple
D:3:      layout_loops_ring, uniq_sigmund, uniq_crazy_yiuf_cottage
D:4:      layout_basic, serial_shops, nicolae_shop_trees, shop, shop, shop,
          nicolae_qazlal_style_of_elements
D:5:      layout_gridville, chequers_serial_rivers_micro_e, uniq_grinder
D:6:      layout_rooms, grunt_temple_overflow_open, kennysheep_mini_moat,
          nicolae_ossuary_entry_giza
D:7:      layout_basic, tso_altar, minmay_temple_entry_stoned_glass
D:8:      layout_basic, dancing_weapons_uskayaw, david_lair_generic,
          minivault_5, doesnt_xom_only_xom, uniq_gastronok
Temple:   jpeg_temple_island

Skill      XL: |  1  2  3  4  5  6  7  8  9 |
---------------+----------------------------+-----
Conjurations   | 2 3 4 6 |  6.0
Dodging        | 3 4 5 6 7 |  7.3
Fire Magic     | 4 5 6 7 |  7.8
Hexes          | 1 3 |  3.5
Stealth        | |  2.0
Spellcasting   | |  2.0

Action                   |  1- 3 |  4- 6 |  7- 9 || total
-------------------------+-------+-------+-------++-------
Melee: Short sword       |    47 |    13 |   131 ||   191
       Club              |     3 |       |       ||     3
       Quarterstaff      |       |     8 |    29 ||    37
       Scythe            |       |     5 |       ||     5
       Flail             |       |       |    62 ||    62
 Cast: Foxfire           |    51 |    55 |   181 ||   287
       Conjure Flame     |       |       |     3 ||     3
       Inner Flame       |       |       |     3 ||     3
       Sticky Flame      |       |       |     2 ||     2
  Use: Scroll            |     5 |     1 |    10 ||    16
       Potion            |       |     2 |     2 ||     4
 Stab: Sleeping          |       |     1 |     6 ||     7
Armor: Robe              |    17 |     9 |    90 ||   116
Dodge: Dodged            |    63 |    38 |   243 ||   344
